AoeStats
← xuxa

Arena

509780367Analyzed
2v2 RM · 3d ago on Sep 28, 2026· 56m 54s· 4 players
Game mode
Random Map
Map size
Medium (4 player)
Population
200
Speed
Normal
Resources
Standard
Victory
Conquest
Starting age
Dark Age
Ending age
Imperial Age
RankedLock teamsTeams togetherTeam positionsShared explorationLock speedFull tech treeHidden civsTurbo modeCheats
Victory
Defeat
🇧🇷 Saxons · Brazil
1058
+16
🇧🇷 Byzantines · Brazil
1002
+19
🇨🇱 Gurjaras · Chile
1105
-19
🇨🇱 Maya · Chile
1017
-16
xuxa
10:59 Feudal Age
14:52 Castle Age
12:47 Double-Bit Axe
14:23 Horse Collar
14:35 Gold Mining
15:15 Loom
18:59 Forging
20:34 Scale Mail Armor
27:00 Bow Saw
27:05 Heavy Plow
28:23 Chain Mail Armor
30:14 Wheelbarrow
30:01 Stone Mining
30:43 Squires
31:44 Iron Casting
32:54 Hand Cart
38:56 Imperial Age
36:13 Town Watch
36:36 Fletching
36:46 Padded Archer Armor
38:42 Bodkin Arrow
39:02 Leather Archer Armor
39:43 Bracer
39:08 Heavy Mounted Crossbowman
39:09 Cranequins
41:31 Ring Archer Armor
41:34 Plate Mail Armor
40:36 Capped Ram
41:47 Ballistics
42:27 Chemistry
43:07 Ring Archer Armor
42:38 Elite Skirmisher
43:16 Elite Varangian Guard
46:48 Conscription
45:53 Shield Wall
47:08 Capped Ram
48:31 Siege Ram
49:41 Pikeman
51:09 Treadmill Crane
51:40 Masonry
51:22 Guard Tower
51:44 Town Patrol
54:26 Keep
53:48 Murder Holes
54:23 Architecture
54:14 Halberdier
Bollzin
10:17 Feudal Age
15:30 Castle Age
16:01 Fletching
16:30 Padded Archer Armor
17:45 Loom
19:51 Double-Bit Axe
20:41 Pikeman
26:30 Bodkin Arrow
27:44 Wheelbarrow
31:24 Crossbowman
32:58 Thumb Ring
37:17 Imperial Age
36:00 Forging
35:56 Scale Barding Armor
36:51 Leather Archer Armor
37:26 Hand Cart
38:26 Murder Holes
41:12 Ballistics
42:44 Arbalester
43:57 Treadmill Crane
44:47 Bracer
47:17 Bow Saw
50:00 Two-Man Saw
48:51 Horse Collar
50:35 Chemistry
49:46 Fortified Wall
49:52 Heavy Plow
51:25 Iron Casting
50:51 Scale Mail Armor
51:12 Chain Barding Armor
53:07 Bombard Tower
52:15 Halberdier
54:23 Ring Archer Armor
54:08 Chain Mail Armor
57:25 Hoardings
[GE]GhandioHarry
0:35 Loom
11:29 Feudal Age
12:03 Double-Bit Axe
12:02 Horse Collar
18:53 Castle Age
17:58 Scale Mail Armor
19:08 Forging
19:45 Bow Saw
21:11 Elite Skirmisher
25:28 Eagle Warrior
26:42 Fletching
28:15 Chain Mail Armor
30:53 Squires
32:21 Padded Archer Armor
33:25 Ballistics
35:42 Iron Casting
36:38 Pikeman
41:22 Imperial Age
39:53 Fortified Wall
39:52 Hul'che Javelineers
39:58 Arson
40:52 Leather Archer Armor
40:01 Elite Skirmisher
41:44 Bodkin Arrow
42:10 Gold Mining
44:13 Heavy Plow
45:30 Murder Holes
46:39 Elite Eagle Warrior
48:18 Bracer
49:40 Ring Archer Armor
50:29 Crop Rotation
51:41 Wheelbarrow
53:09 Two-Man Saw
53:55 Stone Mining
54:43 Caravan
55:12 Thumb Ring
57:00 Hand Cart
[GE]Aplostlico
7:03 Loom
11:21 Feudal Age
12:27 Horse Collar
12:37 Double-Bit Axe
18:20 Castle Age
17:18 Bloodlines
18:13 Gold Mining
18:36 Forging
18:34 Scale Barding Armor
19:17 Husbandry
20:19 Light Cavalry
20:28 Man-at-Arms
21:48 Iron Casting
25:35 Scale Mail Armor
27:05 Chain Mail Armor
26:55 Long Swordsman
27:16 Light Cavalry
27:57 Long Swordsman
31:13 Wheelbarrow
30:54 Heavy Plow
35:39 Imperial Age
33:46 Hand Cart
35:32 Kshatriyas
35:56 Siege Elephant
37:27 Fortified Wall
37:46 Conscription
37:01 Heavy Camel Rider
38:27 Masonry
39:57 Chain Barding Armor
39:26 Town Watch
44:30 Frontier Guards
45:32 Chemistry
44:52 Ballistics
45:03 Architecture
45:49 Hoardings
46:58 Plate Barding Armor
46:56 Plate Mail Armor
48:11 Elite Chakram Thrower
52:07 Treadmill Crane
52:23 Murder Holes
53:10 Elite Shrivamsha Rider
56:06 Thumb Ring
55:22 Elite Skirmisher
56:28 Hussar
Connection lost

Rejoining the realm…

Still unreachable

The connection could not be restored.

Session expired

The server has moved on; the page needs a fresh start.